 Dungeon Crawl Stone Soup version 0.26.1-11-gd32895ea62 (webtiles) character file.

Game seed: 17175894616577027647

2976 Almogavar the Thaumaturge (level 9, -7/46 HPs)
             Began as a Deep Elf Conjurer on June 29, 2021.
             Was a Believer of Nemelex Xobeh.
             Mangled by a yak (14 damage)
             ... on level 7 of the Dungeon on June 30, 2021.
             The game lasted 00:26:22 (6863 turns).

Almogavar the Thaumaturge (Deep Elf Conjurer)       Turns: 6863, Time: 00:26:29

Health: -7/46      AC:  3    Str:  4    XL:     9   Next: 53%
Magic:  25/25      EV: 14    Int: 35    God:    Nemelex Xobeh [**....]
Gold:   522        SH:  0    Dex: 13    Spells: 22/29 levels left

rFire    + . .     SeeInvis .   A - +1 whip "Hoshur" {flame, *Contam *Rage Int+8 Stlth+}
rCold    . . .     Faith    .   (no shield)
rNeg     . . .     Spirit   .   B - +0 robe {rC+}
rPois    .         Reflect  .   s - +0 helmet
rElec    .         Harm     .   (no cloak)
rCorr    .         Rampage  .   (no gloves)
Will     .....     Rnd*Rage +   (no boots)
Stlth    ++++......             (no amulet)
HPRegen  0.15/turn              p - ring of fire
MPRegen  0.19/turn              (no ring)

@: no status effects
A: no striking features
a: Renounce Religion, Draw Escape, Draw Destruction, Draw Summoning


You were on level 7 of the Dungeon.
You worshipped Nemelex Xobeh.
Nemelex Xobeh was pleased with you.
You visited 2 branches of the dungeon, and saw 8 of its levels.

You collected 522 gold pieces.

Inventory:

Hand Weapons
 c - a +1 dagger
 A - the +1 whip "Hoshur" (weapon) {flame, *Contam *Rage Int+8 Stlth+}
   (You found it on level 6 of the Dungeon)

   It has been specially enchanted to burn those struck by it, causing extra
   injury to most foes and up to half again as much damage against particularly
   susceptible opponents.
   It affects your intelligence (+8).
   It may make you go berserk in combat.
   It causes magical contamination when unequipped.
   It makes you more stealthy.
Armour
 e - a +2 buckler
 n - a +0 leather armour
 s - a +0 helmet (worn)
 B - a +0 robe of cold resistance (worn)
Magical Staves
 x - an uncursed staff of conjuration
Jewellery
 p - a ring of fire (left hand)
Wands
 d - a wand of disintegration (31)
 h - a wand of random effects (46)
 t - a wand of iceblast (22)
 y - a wand of flame (25)
Scrolls
 b - a scroll of enchant weapon
 f - a scroll of remove curse
 g - a scroll of fear
 i - 3 scrolls of teleportation
 o - 3 scrolls of blinking
 z - a scroll of amnesia {unknown}
Potions
 j - 2 potions of flight
 k - a potion of cancellation
 l - 3 potions of brilliance
 m - 2 potions of heal wounds
 q - a potion of attraction {unknown}
 r - a potion of resistance {unknown}
 u - 3 potions of curing {unknown}
 v - 2 potions of lignification {unknown}
 w - 2 potions of berserk rage {unknown}


   Skills:
 + Level 0.7 Fighting
 + Level 4.7 Dodging
 + Level 5.6 Stealth
 + Level 10.5 Spellcasting
 + Level 10.3 Conjurations
 * Level 4.0 Translocations


You had 22 spell levels left.
You knew the following spells:

 Your Spells              Type           Power        Failure   Level
a - Magic Dart            Conj           100%         1%          1
b - Searing Ray           Conj           100%         1%          2
c - Iskenderun's Mystic   Conj/Tloc      62%          1%          4

Your spell library contained the following spells:

 Spells                   Type           Power        Failure   Level
 Dazzling Flash           Conj/Hex       100%         1%          3
 Fulminant Prism          Conj/Hex       26%          2%          4


Dungeon Overview and Level Annotations

Branches:
Dungeon (7/15)             Temple (1/1) D:4

Altars:
Ashenzari
Cheibriados
Dithmenos
Elyvilon
Fedhas
Gozag
Hepliaklqana
Kikubaaqudgha
Makhleb
Nemelex Xobeh
Okawaru
Qazlal
Ru
Sif Muna
Trog
Uskayaw
Vehumet
Wu Jian
Xom
The Shining One


Message History

Confirm with . or Enter, or press ? or * to list all spells.
Aiming: Searing Ray (safe; 1% risk of failure)
Press: ? - help, Shift-Dir - straight line, f/p - bullfrog
Aim: a bullfrog (severely wounded, 21% to evade)
The searing ray hits the bullfrog!
You kill the bullfrog! (Press . to maintain the ray.)
Your Translocations skill increases to level 4!
There is a stone staircase leading down here.
You start resting.
Magic restored.
You start resting.
HP restored.
You climb downwards.
An adder skeleton comes into view.
The yak gores you! x3
* * * LOW HITPOINT WARNING * * *
The yak gores you!
You die...
Your body disappears without a glow.

....### .....#
?...... .(..$##
....... .......
.......#.......
...........
)......###.
#.Y.......
#Y@÷......
#Y†....Z..
#.........
##..o..#..
#..Z###.#
l###...#..
.........###
...........
#........#


You could see 3 yaks, an orc, a howler monkey zombie and an adder skeleton
(wandering).

Vanquished Creatures
  Pikel (D:4)
  Grinder (D:6)
  3 yaks
  Edmund (D:6)
  A sky beast (D:6)
  An ice beast (D:5)
  A black bear (D:4)
  An ogre (D:4)
  A big kobold (D:5)
  4 bullfrogs (D:6)
  A scorpion (D:5)
  5 wights (D:6)
  2 vampire bats (D:4)
  A bullfrog skeleton (D:6)
  4 hounds
  2 jellies
  4 orc wizards
  Jessica (D:3)
  An iguana (D:5)
  4 worker ants
  Ijyb (D:5)
  A hound zombie (D:5)
  A hound skeleton (D:4)
  3 adders
  7 gnolls
  2 shadow imps
  2 oozes
  An adder zombie (D:5)
  2 worms
  2 dart slugs (D:1)
  2 leopard geckos
  17 orcs
  A ball python (D:1)
  5 bat skeletons (D:4)
  A bat zombie (D:4)
  2 giant cockroaches
  12 goblins
  7 hobgoblins
  5 jackals
  13 kobolds
  A quokka (D:6)
  5 bats
  2 frilled lizards
  A leopard gecko skeleton (D:4)
  A quokka zombie (D:5)
  8 rats
145 creatures vanquished.

Notes
Turn   | Place    | Note
-------+----------+-------------------------------------------
     0 | D:1      | Almogavar the Deep Elf Conjurer began the quest for the
                  | Orb.
     0 | D:1      | Reached XP level 1. HP: 10/10 MP: 6/6
    57 | D:1      | You fall into a shaft and drop 1 floor!
   103 | D:1      | Reached XP level 2. HP: 15/15 MP: 1/8
   282 | D:1      | Learned a level 2 spell: Searing Ray
   294 | D:1      | Reached skill level 5 in Conjurations
   780 | D:1      | Reached XP level 3. HP: 19/19 MP: 5/9
  1643 | D:2      | Found a hide-covered altar of Uskayaw.
  2041 | D:3      | Noticed Jessica
  2061 | D:3      | Killed Jessica
  2062 | D:3      | Reached XP level 4. HP: 24/24 MP: 1/11
  2585 | D:3      | Reached XP level 5. HP: 28/28 MP: 11/13
  2878 | D:4      | Noticed a black bear
  2903 | D:4      | Killed a black bear
  2904 | D:4      | Reached XP level 6. HP: 29/32 MP: 6/15
  2931 | D:4      | Reached skill level 5 in Spellcasting
  3527 | D:4      | Found a staircase to the Ecumenical Temple.
  3541 | D:4      | Noticed Pikel
  3548 | D:4      | Killed Pikel
  3549 | D:4      | Reached XP level 7. HP: 29/36 MP: 8/19
  3618 | Temple   | Entered the Ecumenical Temple
  3709 | Temple   | Became a worshipper of Nemelex Xobeh the Trickster
  3822 | D:4      | Found an ancient bone altar of Kikubaaqudgha.
  3833 | D:4      | Reached XP level 8. HP: 39/41 MP: 5/20
  4053 | D:5      | Entered Level 5 of the Dungeon
  4345 | D:5      | Found a shadowy altar of Dithmenos.
  4376 | D:5      | Reached * piety under Nemelex Xobeh
  4500 | D:5      | Reached skill level 5 in Stealth
  4804 | D:5      | Received a gift from Nemelex Xobeh
  4917 | D:5      | Noticed Ijyb
  4920 | D:5      | Killed Ijyb
  5031 | D:5      | Learned a level 4 spell: Iskenderun's Mystic Blast
  5093 | D:6      | Reached skill level 1 in Translocations
  5138 | D:6      | Noticed Edmund
  5151 | D:6      | Killed Edmund
  5355 | D:6      | Identified a scroll of acquirement
  5355 | D:6      | Acquired an uncursed staff of conjuration
  5444 | D:6      | Found a sacrificial altar of Ru.
  5464 | D:6      | Noticed Grinder
  5472 | D:6      | Got an ivory whip
  5477 | D:6      | Killed Grinder
  5478 | D:6      | Reached XP level 9. HP: 45/45 MP: 15/24
  5478 | D:6      | Identified the cursed +1 whip "Hoshur" {flame, *Contam
                  | *Rage Int+8 Stlth+} (You found it on level 6 of the
                  | Dungeon)
  5611 | D:6      | Found a shimmering blue altar of Sif Muna.
  5613 | D:6      | Found a shimmering altar of Xom.
  5616 | D:6      | Found a snail-covered altar of Cheibriados.
  5735 | D:6      | Reached ** piety under Nemelex Xobeh
  5737 | D:6      | Received a gift from Nemelex Xobeh
  6023 | D:6      | Reached skill level 10 in Conjurations
  6336 | D:6      | Reached skill level 10 in Spellcasting
  6863 | D:7      | Mangled by a yak

Illustrated notes

Levels and vault maps discovered:
D:1:      saegor_arrival_miasma, layout_basic
D:2:      layout_basic, old_standard_altar, hangedman_decor_push
D:3:      layout_rooms, uniq_jessica
D:4:      kennysheep_six_static_rooms, layout_rooms, kennysheep_vampire_church,
          portal_sewer_entry_a, uniq_pikel, uniq_blork_the_orc
D:5:      layout_gridville, minmay_misc_feat_columns,
          nicolae_dithmenos_shadow_blocks, uniq_ijyb
D:6:      layout_loops_ring, minitemple, old_standard_altar,
          nicolae_ossuary_entry_plus, uniq_edmund, uniq_grinder
D:7:      layout_rooms, serial_shops, kennysheep_mini
Temple:   jpeg_temple_clearing

Skill      XL: |  1  2  3  4  5  6  7  8  9 |
---------------+----------------------------+-----
Conjurations   | 5 6 8 9 10 | 10.3
Stealth        | 3 4 5 |  5.6
Spellcasting   | 4 6 9 10 | 10.5
Dodging        | 3 4 |  4.7
Translocations | 2 4 |  4.0
Fighting       | |  0.7

Action                   |  1- 3 |  4- 6 |  7- 9 || total
-------------------------+-------+-------+-------++-------
Melee: Dagger            |       |     9 |     1 ||    10
       Staff             |       |       |     3 ||     3
       Whip              |       |       |     1 ||     1
 Cast: Magic Dart        |    55 |    17 |    48 ||   120
       Searing Ray       |     9 |    21 |    58 ||    88
  Use: Scroll            |       |    14 |     2 ||    16
 Stab: Distracted        |       |     1 |       ||     1
Armor: Robe              |     8 |     3 |    11 ||    22
Dodge: Dodged            |    11 |    13 |    46 ||    70
